 Dungeon Crawl Stone Soup version 0.28.0-53-g5a82cb258f (webtiles) character file.

Game seed: 10614823887432058875

9926 mcbry74 the Spear-Bearer (level 11, 0/84 HPs)
             Began as a Merfolk Gladiator on June 28, 2022.
             Was an Elder of Okawaru.
             Slain by a manticore (12 damage)
             ... on level 10 of the Dungeon.
             The game lasted 01:07:59 (13301 turns).

mcbry74 the Spear-Bearer (Merfolk Gladiator)       Turns: 13301, Time: 01:08:01

Health: 0/84       AC:  3    Str: 14    XL:     11   Next: 54%
Magic:  11/11      EV: 16    Int: 15    God:    Okawaru [****..]
Gold:   418        SH:  4    Dex: 16    Spells: 10/10 levels left

rFire   . . .      SeeInvis +   s - +3 spear (freeze)
rCold   . . .      Faith    +   J - +0 buckler
rNeg    . . .      Spirit   .   o - +0 steam dragon scales
rPois   .          Reflect  .   y - +2 helmet {Int+3}
rElec   .          Harm     .   E - +0 cloak
rCorr   +          Rampage  .   R - +2 pair of gloves
Will    +....                   m - +2 pair of boots
Stlth   +.........              h - amulet of Jilixkih {Faith Will+}
HPRegen 0.24/turn               e - ring of resist corrosion
MPRegen 0.12/turn               i - ring of see invisible

@: about to teleport, corroded
A: (nimble swimmer 2), mertail
a: Renounce Religion, Heroism, Finesse


You were on level 10 of the Dungeon.
You worshipped Okawaru.
Okawaru was greatly pleased with you.
You visited 2 branches of the dungeon, and saw 11 of its levels.
You also visited: Ossuary.

You collected 418 gold pieces.

Inventory:

Hand Weapons
 a - a +0 trident
 b - a +4 trident of protection
 s - a +3 spear of freezing (weapon)
 u - a +0 glaive
 z - a +0 halberd
Missiles
 d - a throwing net (quivered)
 k - 290 stones
 w - 3 boomerangs
 H - 5 poisoned darts
 P - 4 atropa-tipped darts
Armour
 c - a scarf of invisibility
 m - a +2 pair of boots (worn)
 o - +0 steam dragon scales (worn)
 y - a +2 helmet of intelligence (worn)
 E - a +0 cloak (worn)
 J - a +0 buckler (worn)
 R - a +2 pair of gloves (worn)
Magical Staves
 Q - a staff of death
Jewellery
 e - a ring of resist corrosion (left hand)
 h - the amulet of Jilixkih (around neck) {Faith Will+}
   (You acquired it on level 5 of the Dungeon)

   [amulet of faith]

   It allows you to gain divine favour quickly.
   Will:      It increases your willpower.
 i - a ring of see invisible (right hand)
 M - an amulet of magic regeneration
 S - a +6 ring of dexterity
Wands
 l - a wand of polymorph (7)
 A - a wand of paralysis (15)
 K - a wand of acid (4)
 O - a wand of flame (8)
Scrolls
 n - a scroll of vulnerability
 p - 3 scrolls of teleportation
 t - 2 scrolls of silence
 G - a scroll of enchant armour
 I - 2 scrolls of fear
 L - a scroll of torment {unknown}
Potions
 f - a potion of resistance
 g - a potion of curing
 j - 5 potions of mutation
 q - 3 potions of haste
 r - 5 potions of flight
 v - 2 potions of might
 x - a potion of lignification
 B - 2 potions of brilliance
 C - 4 potions of heal wounds
 D - a potion of berserk rage {unknown}
 F - 3 potions of attraction


   Skills:
 + Level 7.1 Fighting
 + Level 14.9 Polearms
 * Level 10.2 Throwing
 + Level 8.2 Dodging
 * Level 2.1 Shields
 + Level 1.1 Invocations
 + Level 6.0 Evocations


You had 10 spell levels left.
You didn't know any spells.
Your spell library contained the following spells:

 Spells                   Type           Power      Damage    Failure   Level
 Foxfire                  Conj/Fire      0%         2x1d4     34%         1
 Pain                     Necr           0%         1d4       34%         1
 Sandblast                Erth           0%         2d4       34%         1
 Passwall                 Tmut/Erth      0%         N/A       47%         2
 Conjure Flame            Conj/Fire      0%         6-21      71%         3
 Inner Flame              Hex/Fire       0%         N/A       71%         3
 Stone Arrow              Conj/Erth      0%         3d7       71%         3
 Flame Wave               Conj/Fire      0%         2d4       98%         4
 Fulminant Prism          Conj/Hex       0%         3d6       98%         4
 Iskenderun's Mystic Bla  Conj/Tloc      0%         2d3       98%         4
 Agony                    Necr           0%         N/A       100%        5
 Excruciating Wounds      Necr           0%         N/A       100%        5
 Lee's Rapid Deconstruct  Erth           0%         3d5*      100%        5


Dungeon Overview and Level Annotations

Branches:
Dungeon (10/15)            Temple (1/1) D:7            Lair (0/6) D:8
Ossuary (visited)
    Orc: D:9-12

Altars:
Nemelex Xobeh
Okawaru
Sif Muna

Shops:
D:8 :

Annotations:
D:3 2 transporters, Grinder; Sayani's ghost, amateur DrBe


Innate Abilities, Weirdness & Mutations

((You are very nimble when in or above water. (Stealth+, EV+, Speed+++)))
Your lower body shifts to a powerful aquatic tail in water.


Message History

The acid dragon spits acid at you. The splash of acid hits you. You resist.
The acid corrodes you!
You hit the acid dragon but do no damage.
The acid dragon is almost dead.
The manticore struggles against the net.
The acid dragon closely misses you. The acid dragon misses you.
You barely miss the acid dragon.
The acid dragon is almost dead.
The manticore struggles against the net.
The net rips apart, and the manticore comes free!
You hit the acid dragon but do no damage.
The acid dragon is almost dead.
The acid dragon barely misses you. x2
You hit the acid dragon but do no damage.
The acid dragon is almost dead.
You carefully extract the barbed spikes from your body.
The acid dragon spits acid at you. The splash of acid hits you! You resist.
* * * LOW HITPOINT WARNING * * *
You hit the acid dragon but do no damage.
The acid dragon is almost dead.
The manticore closely misses you. The manticore claws you.
* * * LOW HITPOINT WARNING * * *
The manticore misses you. The acid dragon bites you.
* * * LOW HITPOINT WARNING * * *
The acid dragon claws you but does no damage.
As you read the scroll of teleportation, it crumbles to dust.
You feel strangely unstable.
The manticore bites you but does no damage.
The manticore claws you but does no damage.
The manticore completely misses you. The acid dragon bites you.
* * * LOW HITPOINT WARNING * * *
The acid dragon closely misses you.
Your +4 trident of protection goes still.
Your +3 spear of freezing glows with a cold blue light!
s - a +3 spear of freezing (weapon)
The manticore completely misses you.
The manticore claws you but does no damage.
The manticore claws you!
You die...

###....#......#.##
##....###......##.#
###......###....#.#.###
###..........##...##.#..#
##......#..#...#...###.##
....#..............#
##.###
#...#......#....######...
#...............##.......
#.......@D.........(.....
#...#....H.#........#####
#..............######
##....#..#....##
###..........#
###....##..# #######..#
#..# #####..# #


You could see a manticore and an acid dragon (catching breath).

Vanquished Creatures
  Gastronok (D:8)
  A centaur warrior (D:10)
  Pikel (D:8)
  Maurice (D:8)
  Joseph (D:10)
  A kobold demonologist (D:9)
  Maggie (D:9)
  A hornet (D:10)
  A meliai zombie (D:6)
  2 wyverns
  A wraith (D:10)
  8 yaks
  A vampire mosquito (D:10)
  Menkaure (D:6)
  2 steam dragons
  An acid dragon (D:10)
  Duvessa (D:6)
  A water moccasin (D:7)
  An orc warrior (D:10)
  An ice beast (D:7)
  2 black bears
  3 ogres
  3 centaurs
  2 phantoms
  A bullfrog (D:9)
  2 gnoll sergeants
  2 wyvern zombies
  2 water moccasin zombies (Ossuary)
  2 scorpions
  Dowan (D:6)
  A water moccasin skeleton (D:5)
  10 killer bees
  9 wights (D:8)
  A howler monkey (D:8)
  8 orc priests
  2 jellies
  2 bullfrog skeletons (D:5)
  3 gnoll shamans
  A hound (D:4)
  5 iguanas
  8 orc wizards
  A killer bee zombie (D:7)
  A hound skeleton (D:4)
  2 mummies (Ossuary)
  A howler monkey zombie (D:7)
  22 gnolls
  A howler monkey skeleton (D:6)
  8 adders
  4 shadow imps
  3 white imps
  3 ufetubi
  5 adder zombies (Ossuary)
  2 worms
  3 dart slugs
  30 orcs
  6 bats
  9 endoplasms
  4 giant cockroaches
  3 gnoll zombies (Ossuary)
  5 goblins
  4 hobgoblins
  9 jackals
  3 quokkas
  7 ball pythons
  3 frilled lizards
  A goblin zombie (D:6)
  5 hobgoblin zombies (Ossuary)
  6 kobolds
  8 kobold zombies (Ossuary)
  7 orc zombies (Ossuary)
  A quokka zombie (D:6)
  4 rats
270 creatures vanquished.

Vanquished Creatures (others)
  5 toadstools (D:1)
5 creatures vanquished.

Grand Total: 275 creatures vanquished

Notes
Turn   | Place    | Note
-------+----------+-------------------------------------------
     0 | D:1      | mcbry74 the Merfolk Gladiator began the quest for the Orb.
     0 | D:1      | Reached XP level 1. HP: 16/16 MP: 1/1
    83 | D:1      | Reached XP level 2. HP: 22/22 MP: 2/2
   105 | D:1      | Reached skill level 5 in Polearms
   292 | D:1      | Reached XP level 3. HP: 26/27 MP: 3/3
  1114 | D:2      | Reached skill level 6 in Polearms
  1477 | D:2      | Reached XP level 4. HP: 30/33 MP: 4/4
  2006 | D:2      | Found a faded altar of an unknown god.
  2337 | D:3      | Found a faded altar of an unknown god.
  2353 | D:3      | Found a sparkling altar of Nemelex Xobeh.
  2536 | D:3      | Reached skill level 7 in Polearms
  2638 | D:3      | Noticed a scorpion
  2646 | D:3      | Killed a scorpion
  2647 | D:3      | Reached XP level 5. HP: 38/38 MP: 5/5
  2874 | D:3      | Found a transporter.
  2874 | D:3      | Noticed Sayani's ghost (amateur DrBe)
  2877 | D:3      | Found a transporter.
  2994 | D:3      | Reached skill level 8 in Polearms
  3021 | D:3      | Noticed Grinder
  3051 | D:3      | Reached XP level 6. HP: 17/44 MP: 6/6
  4253 | D:4      | Found a shimmering blue altar of Sif Muna.
  4293 | D:4      | Reached skill level 9 in Polearms
  4471 | D:4      | Reached XP level 7. HP: 35/50 MP: 7/7
  5116 | D:5      | Entered Level 5 of the Dungeon
  5138 | D:5      | Reached skill level 10 in Polearms
  5224 | D:5      | Identified a scroll of acquirement
  5224 | D:5      | Acquired the amulet of Jilixkih {Faith Will+}
  5448 | D:5      | Reached skill level 5 in Throwing
  6024 | D:5      | Reached skill level 11 in Polearms
  6172 | D:5      | Reached XP level 8. HP: 56/56 MP: 8/8
  6570 | D:6      | Noticed Menkaure
  6575 | D:6      | Killed Menkaure
  6576 | D:6      | Reached skill level 12 in Polearms
  6604 | D:6      | Reached skill level 1 in Evocations
  6700 | D:6      | Found a sand-covered staircase.
  6715 | Ossuary  | Entered an ossuary
  7241 | D:6      | Reached XP level 9. HP: 64/64 MP: 9/9
  7364 | D:6      | Reached skill level 13 in Polearms
  7399 | D:6      | Identified the +2 dagger of the Slashing Visionary {spect,
                  | *Corrode rElec Will+++ Dex+3}
  8091 | D:7      | Noticed Dowan
  8092 | D:7      | Noticed Duvessa
  8133 | D:6      | Killed Duvessa
  8149 | D:6      | Killed Dowan
  8501 | D:7      | Reached skill level 5 in Dodging
  9129 | D:8      | Found Lofum's Book Shop.
  9561 | D:7      | Found a staircase to the Ecumenical Temple.
  9566 | Temple   | Entered the Ecumenical Temple
  9600 | Temple   | Became a worshipper of Warmaster Okawaru
  9704 | D:8      | Reached skill level 5 in Fighting
  9990 | D:8      | Reached XP level 10. HP: 35/74 MP: 10/10
 10565 | D:7      | Reached * piety under Okawaru
 10933 | D:8      | Noticed Pikel
 10958 | D:8      | Killed Pikel
 10959 | D:8      | Reached skill level 14 in Polearms
 11144 | D:8      | Noticed Maurice
 11155 | D:8      | Killed Maurice
 11226 | D:8      | Noticed Gastronok
 11246 | D:8      | Killed Gastronok
 11246 | D:8      | Reached ** piety under Okawaru
 11247 | D:8      | Reached skill level 5 in Evocations
 11361 | D:8      | Found a staircase to the Lair.
 11824 | D:8      | Reached *** piety under Okawaru
 11825 | D:8      | Reached XP level 11. HP: 76/83 MP: 11/11
 12040 | D:9      | Noticed Maggie
 12056 | D:9      | Killed Maggie
 12566 | D:9      | Reached **** piety under Okawaru
 12567 | D:9      | Reached skill level 10 in Throwing
 12861 | D:10     | Entered Level 10 of the Dungeon
 12930 | D:10     | Noticed Joseph
 12943 | D:10     | Killed Joseph
 12944 | D:10     | Reached skill level 1 in Shields
 12944 | D:10     | Noticed a centaur warrior
 12968 | D:10     | Killed a centaur warrior
 12968 | D:10     | Received a gift from Okawaru
 13170 | D:10     | Reached skill level 1 in Invocations
 13263 | D:10     | Noticed a manticore
 13301 | D:10     | Slain by a manticore

Illustrated notes

Levels and vault maps discovered:
D:1:      ldierk_walled_garden, layout_rooms, minivault_11, lemuel_flame_loot_1
D:2:      layout_rooms, basic_ecumenical_altar
D:3:      layout_loops_corners, nicolae_overflow_ecumenical_swirl,
          gammafunk_ghost_arena, uniq_grinder
D:4:      layout_basic, nicolae_sif_muna_little_library
D:5:      layout_basic
D:6:      layout_loops_ring, enter_ossuary_4, uniq_menkaure
D:7:      layout_cave_pools, minmay_temple_entry_from_below_a, uniq_duvessa
D:8:      layout_basic, dpeg_oklobed_lair, serial_shops, nicolae_stop_n_shop_2,
          uniq_maurice, uniq_gastronok, uniq_pikel
D:9:      layout_loops_cross, uniq_maggie
D:10:     minmay_ornate_pinched, layout_cave_pods, minmay_misc_feat_plants,
          uniq_joseph
Temple:   mainiacjoe_temple_big_plus

Skill      XL: |  1  2  3  4  5  6  7  8  9 10 11 |
---------------+----------------------------------+-----
Polearms       | 5 6 7 8 9 11 12 13 14 | 14.9
Throwing       | 3 4 5 6 7 9 10 | 10.2
Evocations     | 2 4 5 6 |  6.0
Fighting       | 3 5 6 7 |  7.1
Dodging        | 5 7 8 |  8.2
Shields        | 2 |  2.1
Invocations    | 1 |  1.1

Action                   |  1- 3 |  4- 6 |  7- 9 | 10-12 || total
-------------------------+-------+-------+-------+-------++-------
Melee: Trident           |   122 |   188 |   291 |   102 ||   703
       Punch             |       |     2 |     3 |     7 ||    12
       Halberd           |       |       |   129 |       ||   129
       Spear             |       |       |    13 |   183 ||   196
Throw: Dart              |       |    18 |    20 |    27 ||    65
       Stone             |       |    21 |       |       ||    21
       Throwing net      |       |     1 |     1 |     1 ||     3
       Boomerang         |       |    15 |   121 |    66 ||   202
       Javelin           |       |       |    28 |    24 ||    52
Invok: Heroism           |       |       |       |     3 ||     3
Evoke: Wand              |       |       |       |     3 ||     3
  Use: Scroll            |     2 |       |    12 |     8 ||    22
       Potion            |       |       |     2 |     3 ||     5
 Stab: Sleeping          |       |     1 |       |       ||     1
       Distracted        |       |       |     1 |       ||     1
Armor: Leather armour    |    21 |    44 |    88 |       ||   153
       Steam dragon scal |       |       |    36 |    61 ||    97
Dodge: Dodged            |    69 |    88 |   255 |   134 ||   546
Block: Buckler           |       |       |       |     8 ||     8
